 Dungeon Crawl Stone Soup version 0.32-a0-540-g866d13106e (webtiles) character file.

Game seed: 3562570435354053926

47215 glumbocoin the Cleaver (level 14, -24/136 HPs)
             Began as a Minotaur Chaos Knight on Feb 28, 2024.
             Was a Plaything of Xom.
             Killed from afar by Azrael (32 damage)
             ... with damnation
             ... on level 13 of the Dungeon.
             The game lasted 01:30:30 (21298 turns).

glumbocoin the Cleaver (Minotaur Chaos Knight)     Turns: 21298, Time: 01:30:31

Health: -24/136    AC: 12    Str: 22      XL:     14   Next: 7%
Magic:  14/14      EV: 37    Int:  6 (7)  God:    Xom [*.....]
Gold:   1321       SH: 23    Dex: 24      Spells: 5/13 levels left

rFire   + . .        a - +2 hand axe (spect)
rCold   + . .        y - +2 tower shield
rNeg    + . .        G - +3 leather armour {Will+}
rPois   +            (helmet restricted)
rElec   .            J - scarf {rC+ rF+}
rCorr   .            g - +1 pair of gloves {Stlth+}
SInv    .            L - +2 pair of boots {Fly}
Will    +++..        r - amulet of the acrobat
Stlth   +++++        Z - ring "Fieresur" {rN+ Str+3 Dex+5}
HPRegen 0.42/turn    o - +5 ring of evasion
MPRegen 0.14/turn

%: acrobat
@: acrobatic, flying
A: horns 2, retaliatory headbutt, agile 2, deformed body, high MP 1,
strong-willed 1, poison resistance, robust 1, inability to drink after injury 1
a: Renounce Religion


You were on level 13 of the Dungeon.
You worshipped Xom.
You were a special plaything of Xom.
You visited 3 branches of the dungeon, and saw 17 of its levels.
You also visited: Ossuary and Bailey.

You collected 1697 gold pieces.
You spent 376 gold pieces at shops.

Inventory:

Hand Weapons
 a - a +2 spectral hand axe (weapon)
 H - a +1 battleaxe of electrocution
 I - a +1 war axe of chaos
 W - a +0 arbalest of electrocution
Missiles
 p - a throwing net (quivered)
Armour
 b - a +0 ring mail of cold resistance
 g - a +1 pair of gloves of stealth (worn)
 y - a +2 tower shield (worn)
 G - a +3 leather armour of willpower (worn)
 J - a scarf of resistance (worn)
 L - a +2 pair of boots of flying (worn)
 P - +2 acid dragon scales
Jewellery
 e - a +6 ring of dexterity
 o - a +5 ring of evasion (right hand)
 r - an amulet of the acrobat (around neck)
 D - an amulet of reflection
 N - a +6 ring of dexterity
 Y - a ring of see invisible
 Z - the ring "Fieresur" (left hand) {rN+ Str+3 Dex+5}
   (You acquired it on level 10 of the Dungeon)

   [ring of positive energy]

   Str+3:     It affects your strength (+3).
   Dex+5:     It affects your dexterity (+5).
   rN+:       It protects you from negative energy.
Wands
 m - a wand of quicksilver (3)
 F - a wand of polymorph (8)
 S - a wand of flame (44)
 X - a wand of charming (4)
Scrolls
 c - 3 scrolls of butterflies
 f - 2 scrolls of immolation
 l - 3 scrolls of fog
 s - a scroll of amnesia
 w - 2 scrolls of identify
 x - 2 scrolls of vulnerability
 B - 2 scrolls of noise
 C - a scroll of poison
Potions
 d - 3 potions of attraction
 h - a potion of mutation
 j - 9 potions of curing
 k - a potion of brilliance
 n - 2 potions of ambrosia
 q - 2 potions of magic
 t - a potion of degeneration
 u - 2 potions of lignification
 K - a potion of berserk rage


   Skills:
 * Level 11.5 Fighting
 * Level 14.7 Axes
 * Level 11.1 Armour
 + Level 8.3 Dodging
 + Level 7.3 Stealth
 * Level 13.7 Shields
 * Level 4.9 Summonings
 + Level 0.1 Evocations


You had 5 spell levels left.
You knew the following spells:

 Your Spells              Type           Power      Damage    Failure   Level
a - Summon Horrible Thin  Summ           2%         N/A       100%        8

Your spell library contained the following spells:

 Spells                   Type           Power      Damage    Failure   Level
 Kiss of Death            Conj/Necr      0%         2d5       85%         1
 Sandblast                Erth           0%         2d4       85%         1
 Sting                    Conj/Alch      0%         1d3       85%         1
 Blink                    Tloc           0%         N/A       94%         2
 Ensorcelled Hibernation  Hex/Ice        0%         N/A       94%         2
 Lesser Beckoning         Tloc           0%         N/A       94%         2
 Mercury Vapours          Alch/Air       0%         N/A       94%         2
 Momentum Strike          Conj/Tloc      0%         3d8       94%         2
 Fugue of the Fallen      Necr           0%         N/A       99%         3
 Inner Flame              Hex/Fire       0%         N/A       99%         3
 Mephitic Cloud           Conj/Alch/Air  0%         N/A       99%         3
 Passwall                 Erth           0%         N/A       99%         3
 Stone Arrow              Conj/Erth      0%         3d7       99%         3
 Tukima's Dance           Hex            0%         N/A       99%         3
 Anguish                  Hex/Necr       0%         N/A       100%        4
 Brom's Barrelling Bould  Conj/Erth      0%         2d3       100%        4
 Dimensional Bullseye     Hex/Tloc       0%         N/A       100%        4
 Flame Wave               Conj/Fire      0%         2d4       100%        4
 Iskenderun's Mystic Bla  Conj/Tloc      0%         2d3       100%        4
 Olgreb's Toxic Radiance  Alch           0%         N/A       100%        4
 Sticky Flame             Fire/Alch      0%         2d4       100%        4
 Freezing Cloud           Conj/Ice/Air   0%         6-21      100%        5
 Dispersal                Tloc           0%         N/A       100%        6
 Malign Gateway           Summ/Tloc      1%         N/A       100%        7
 Death's Door             Necr           0%         N/A       100%        9


Dungeon Overview and Level Annotations

Branches:
Dungeon (14/15)            Temple (0/1) D:4            Lair (0/5) D:9
    Orc (2/2) D:12            Elf (1/3) Orc:2        Vaults (0/5) D:13
Ossuary (visited)          Bailey (visited)

Altars:
Dithmenos
Kikubaaqudgha
Makhleb
Okawaru
Ru
Vehumet
Xom
Yredelemnul
Zin

Shops:
D:2 =   D:6 ?[   D:7 ?[   Orc:1 *   Orc:2 *[(*

Annotations:
D:13 Azrael


Innate Abilities, Weirdness & Mutations

You have a pair of horns on your head.
You reflexively headbutt those who attack you in melee.
You are very agile. (Dex +8, Str/Int -2)
Armour fits poorly on your strangely shaped body.
You have an increased reservoir of magic. (+10% MP)
You are strong-willed. (Will+)
Your system is resistant to poisons. (rPois)
You are robust. (+10% HP)
You occasionally lose the ability to drink potions when taking damage.


Message History

The damnation engulfs your +2 spectral hand axe!!
Your spectral weapon shares its damage with you!
* * * LOW HITPOINT WARNING * * *
As you read the scroll of teleportation, it crumbles to dust.
You feel strangely unstable.
Your +2 spectral hand axe disappears.
Azrael misses you. You furiously retaliate!
You headbutt Azrael, but do no damage. You slash Azrael!
You headbutt Azrael, but do no damage.
Azrael is moderately wounded.
Your +2 spectral hand axe hits Azrael.
You hear Xom's maniacal laughter.
You feel dopey. Azrael misses you.
You barely miss Azrael. You headbutt Azrael, but do no damage.
Azrael is moderately wounded.
Your +2 spectral hand axe hits Azrael.
Unknown command.
You hit Azrael.
Azrael is moderately wounded.
Your +2 spectral hand axe hits Azrael but does no damage.
Azrael misses you. You furiously retaliate!
You headbutt Azrael! You hit Azrael but do no damage.
Azrael is heavily wounded.
Your +2 spectral hand axe hits Azrael!
Your surroundings suddenly seem different.
Unknown command.
Azrael gestures at you.
The sphere of damnation explodes!
The damnation engulfs you!!
* * * LOW HITPOINT WARNING * * *
Unknown command.
Aiming: Charm
Press: ? - help, Q - select action, (/) - cycle Shift-Dir - straight line, f - Azrael
Aim: Azrael, wielding a +3 scimitar of flaming (heavily wounded, chance to affect: 31%) Azrael easily resists.
Unknown command.
Azrael gestures at you.
The sphere of damnation explodes!
The damnation engulfs you!!
You die...
Xom cackles wildly!

#.#..#..##.# #.##.###.#.###
#.#.##..##.#####.##.........#
##.......##................#.#
.........._......>######.###.#
####<###.....................#
**##############.########.#####
,,,
,..#............#.....<....#
**#.#.########.#.#.########.#
######.#.#......@.#.#.#[##.#
#.#
#........#.#...............#
#.#
#........#.#....#.#.#.####.#
#.#
#.......^#.#......#.#......#
#.#
#........#......#.#.########
#.# #........#.#.####R#.# #.#
.....#'#.#......R°..########
#.#
####.#.#.#.#.#..(.°........#
#.#
#..#.#.#.#.#.#.............#
#.#


You could see Azrael.

Vanquished Creatures
  Snorg (D:13)
  Erica (D:8)
  4 two-headed ogres
  3 boulder beetles
  A tengu warrior (D:13)
  6 orc high priests (Orc:2)
  A skeletal warrior (D:13)
  A necromancer (D:13)
  5 orc knights
  Pikel (D:5)
  A manticore (D:13)
  A deep elf zephyrmancer (Elf:1)
  2 ugly things
  An orc sorcerer (Orc:2)
  A deep elf pyromancer (D:12)
  A cyclops (D:13)
  3 smoke demons (D:12)
  An unseen horror (D:12)
  A komodo dragon (D:13)
  A tengu conjurer (D:13)
  2 red devils (D:12)
  9 trolls
  4 slime creatures (D:13)
  A ynoxinul (D:12)
  9 yaks
  3 shadows
  4 hogs
  A water elemental (D:12)
  A wraith (D:12)
  A vampire (D:12)
  2 fire elementals (D:13)
  A basilisk (D:13)
  4 wargs
  7 vampire mosquitoes (D:12)
  4 chaos spawn (D:12)
  A water moccasin (D:5)
  An acid dragon (D:10)
  5 hell hounds (D:13)
  Duvessa (D:7)
  5 black bears
  An ice beast (D:5)
  50 orc warriors
  A sky beast (D:7)
  6 ogres
  2 wolves (D:9)
  4 centaurs
  3 lemures (D:5)
  A phantom (D:5)
  An elf zombie (Ossuary)
  2 kobold brigands (D:7)
  2 bullfrogs
  2 gnoll sergeants
  3 scorpions
  3 wights (D:7)
  Dowan (D:7)
  A burial acolyte (Ossuary)
  9 killer bees
  An electric eel (D:12)
  A crimson imp (D:12)
  5 bombardier beetles
  A jelly (D:6)
  2 lava snakes (D:12)
  A centaur zombie (Ossuary)
  4 hounds
  A spectral scorpion (Ossuary)
  28 orc priests
  A human zombie (Ossuary)
  2 sleepcaps
  4 iguanas
  23 orc wizards
  A hound zombie (Ossuary)
  3 mummies (Ossuary)
  8 adders
  8 gnolls
  A shadow imp (D:6)
  2 white imps (D:5)
  7 adder zombies (Ossuary)
  A dart slug (D:4)
  3 ribbon worms
  An orc (shapeshifter) (D:3)
  89 orcs
  4 endoplasms
  2 giant cockroaches
  3 gnoll zombies (Ossuary)
  8 goblins
  4 hobgoblins
  4 jackals (D:2)
  4 quokkas
  6 ball pythons
  2 ball python zombies (Ossuary)
  5 bats
  2 frilled lizards (D:2)
  A goblin zombie (D:5)
  2 jackal zombies (Ossuary)
  13 kobolds
  4 kobold zombies (Ossuary)
  2 orc zombies (Ossuary)
  4 rats
  A rat zombie (D:5)
464 creatures vanquished.

Vanquished Creatures (collateral kills)
  2 yaks (D:10)
  An acid dragon (D:10)
  2 orc warriors
  An ogre (D:4)
  A phantom (D:4)
  A wight (D:4)
  A gnoll bouda (D:4)
  A bombardier beetle (D:4)
  An orc wizard (D:4)
  An adder (D:4)
  A ball python (D:4)
  2 giant cockroaches (D:4)
  2 goblins (D:4)
  A hobgoblin (D:4)
  3 kobolds (D:4)
21 creatures vanquished.

Vanquished Creatures (others)
  Kirke (D:13)
  A steam dragon (D:8)
  A bullfrog (D:7)
  2 orc wizards (Orc:2)
  6 spectral weapons
11 creatures vanquished.

Grand Total: 496 creatures vanquished

Notes
Turn   | Place    | Note
-------+----------+-------------------------------------------
     0 | D:1      | glumbocoin the Minotaur Chaos Knight began the quest for
                  | the Orb.
     0 | D:1      | Reached XP level 1. HP: 19/19 MP: 0/0
   256 | D:1      | XOM: divination: magic mapping
   461 | D:1      | XOM: 1-stop teleportation journey
   515 | D:1      | XOM: noise
   752 | D:1      | XOM: silly message
   764 | D:1      | XOM: give mutation
   764 | D:1      | Gained mutation: You are robust. (+10% HP) [Xom's grace]
   767 | D:1      | XOM: fog
  1004 | D:1      | XOM: give mutations
  1004 | D:1      | Gained mutation: You are partially covered in iridescent
                  | scales. (AC +2) [Xom's mischief]
  1004 | D:1      | Gained mutation: You occasionally lose the ability to read
                  | scrolls when taking damage. [Xom's mischief]
  1668 | D:1      | XOM is BORED!
  1668 | D:1      | XOM: 1-stop teleportation journey
  1812 | D:1      | XOM: god gift: ring mail {god gift}
  1889 | D:1      | XOM: scenery: summon butterflies
  2631 | D:1      | XOM: scenery: create altars
  3070 | D:1      | XOM: god gift: +0 pair of gloves of stealth
  3173 | D:1      | Reached XP level 2. HP: 20/29 MP: 1/1
  3539 | D:1      | XOM: summons 4 hostile shadow creatures
  3703 | D:1      | XOM: noise
  3704 | D:2      | Found Zaohiwag's One-of-a-Kind Rings.
  3734 | D:2      | Reached skill level 4 in Axes
  3734 | D:2      | Reached XP level 3. HP: 29/36 MP: 2/2
  4038 | D:2      | XOM: give mutations
  4038 | D:2      | Gained mutation: You passively map a small area around you.
                  | [Xom's mischief]
  4038 | D:2      | Gained mutation: Armour fits poorly on your strangely
                  | shaped body. [Xom's mischief]
  4038 | D:2      | Lost mutation: You are robust. (+10% HP) [Xom's mischief]
  4229 | D:3      | Reached XP level 4. HP: 41/41 MP: 3/3
  4330 | D:3      | Reached skill level 1 in Stealth
  4498 | D:3      | Reached skill level 5 in Axes
  4498 | D:3      | Reached XP level 5. HP: 23/47 MP: 4/4
  4638 | D:3      | XOM: give mutations
  4638 | D:3      | Gained mutation: You possess an exceptional clarity of
                  | mind. [Xom's mischief]
  4638 | D:3      | Gained mutation: You are robust. (+10% HP) [Xom's mischief]
  4852 | D:3      | Found a shimmering altar of Xom.
  5122 | D:3      | Found a shadowy altar of Dithmenos.
  5127 | D:3      | a quokka changed into a shapeshifter
  5127 | D:3      | Noticed a shapeshifter (shapeshifter)
  5127 | D:3      | XOM: polymorph quokka -> shapeshifter
  5127 | D:3      | a shapeshifter changed into an orc
  5374 | D:4      | XOM: give mutation
  5374 | D:4      | Lost mutation: You are robust. (+10% HP) [Xom's mischief]
  5422 | D:4      | XOM: give mutation
  5422 | D:4      | Gained mutation: You occasionally lose the ability to drink
                  | potions when taking damage. [Xom's mischief]
  5468 | D:4      | Found a staircase to the Ecumenical Temple.
  5531 | D:4      | Noticed an orc warrior
  5538 | D:4      | XOM: stat loss: -1 Str (17/18)
  5545 | D:4      | Killed an orc warrior
  5546 | D:4      | Reached XP level 6. HP: 55/55 MP: 5/5
  5558 | D:4      | Reached skill level 6 in Axes
  5682 | D:4      | Reached skill level 5 in Fighting
  5696 | D:4      | Reached XP level 7. HP: 61/61 MP: 6/6
  5705 | D:4      | XOM: summons 4 hostile demons
  5734 | D:4      | Reached skill level 7 in Axes
  5773 | D:4      | XOM: summons 1 hostile demon
  5983 | D:4      | XOM: give mutations
  5983 | D:4      | Gained mutation: You are robust. (+10% HP) [Xom's grace]
  5983 | D:4      | Gained mutation: You are agile. (Dex +4, Str/Int -1) [Xom's
                  | grace]
  5983 | D:4      | Gained mutation: Your flesh is heat resistant. (rF+) [Xom's
                  | grace]
  6044 | D:4      | XOM: god gift: murky pink potion {god gift}
  6384 | D:5      | Entered Level 5 of the Dungeon
  6384 | D:5      | Noticed a yak
  6385 | D:5      | Noticed a yak
  6394 | D:5      | Noticed a yak
  6398 | D:5      | XOM: destruction
  6420 | D:5      | Killed a yak
  6426 | D:5      | Killed a yak
  6454 | D:5      | XOM: polymorph lemure -> white imp
  6470 | D:5      | Found a sand-covered staircase.
  6480 | Ossuary  | Entered an ossuary
  6505 | Ossuary  | XOM: 5-stop teleportation journey
  6521 | Ossuary  | Reached skill level 8 in Axes
  6597 | Ossuary  | Reached skill level 5 in Armour
  6668 | Ossuary  | XOM: god gift: 14 gold pieces
  6733 | Ossuary  | Reached XP level 8. HP: 77/77 MP: 7/7
  6809 | Ossuary  | XOM: fog
  6810 | Ossuary  | XOM: stat loss: -1 Dex (20/21)
  6828 | Ossuary  | XOM: scenery: 1 doors close
  6956 | D:5      | Reached skill level 9 in Axes
  7019 | D:5      | XOM: confuse monster(s)
  7035 | D:5      | XOM: scenery: create altars
  7053 | D:5      | Noticed Pikel
  7131 | D:5      | XOM: confuse monster(s)
  7134 | D:5      | Killed Pikel
  7135 | D:5      | Reached skill level 10 in Axes
  7135 | D:5      | Reached skill level 1 in Shields
  7177 | D:5      | XOM: scenery: summon butterflies
  7209 | D:5      | Reached XP level 9. HP: 85/85 MP: 8/8
  7333 | D:5      | XOM: give mutations
  7333 | D:5      | Gained mutation: Your system is resistant to poisons.
                  | (rPois) [Xom's grace]
  7333 | D:5      | Gained mutation: You have a pair of large horns on your
                  | head. [Xom's grace]
  7346 | D:5      | XOM: cloud trail
  7502 | D:5      | Found a glowing silver altar of Zin.
  7701 | D:5      | Reached skill level 11 in Axes
  7827 | D:5      | XOM: god gift: scroll labelled SEYTUO YDUH {god gift}
  8068 | D:6      | XOM: 2-stop teleportation journey
  8069 | D:6      | XOM: give mutations
  8069 | D:6      | Lost mutation: Your system is resistant to poisons. (rPois)
                  | [Xom's mischief]
  8069 | D:6      | Lost mutation: You possess an exceptional clarity of mind.
                  | [Xom's mischief]
  8069 | D:6      | Lost mutation: You passively map a small area around you.
                  | [Xom's mischief]
  8069 | D:6      | Gained mutation: You expend magic power (3 MP) to
                  | strengthen your wands. [Xom's mischief]
  8071 | D:6      | XOM: 1-stop teleportation journey
  8164 | D:6      | Found an ancient bone altar of Kikubaaqudgha.
  8259 | D:6      | XOM: cast spell 'Olgreb's Toxic Radiance'
  8298 | D:6      | Found Ulekh's Antique Armour Emporium.
  8309 | D:6      | XOM: 6-stop teleportation journey
  8516 | D:6      | XOM: give mutations
  8516 | D:6      | Gained mutation: You have hidden genetic potential. [Xom's
                  | mischief]
  8516 | D:6      | Lost mutation: You have hidden genetic potential. [Xom's
                  | mischief]
  8516 | D:6      | Gained mutation: You are dopey. (Int -2) [Xom's mischief]
  8521 | D:6      | Found Xithoq's Magic Scroll Shop.
  8527 | D:6      | Bought a scroll of identify for 22 gold pieces
  8527 | D:6      | Bought a scroll of identify for 22 gold pieces
  8527 | D:6      | Bought a scroll of identify for 22 gold pieces
  8527 | D:6      | Bought a scroll of identify for 22 gold pieces
  8556 | D:6      | Learned a level 8 spell: Summon Horrible Things
  8673 | D:6      | XOM: give mutation
  8673 | D:6      | Lost mutation: You are robust. (+10% HP) [Xom's mischief]
  8889 | D:7      | Noticed Duvessa
  8890 | D:7      | Noticed Dowan
  8893 | D:7      | XOM: god gift: 24 gold pieces
  8923 | D:7      | XOM: enchant monster (bad)
  8936 | D:7      | Killed Duvessa
  8969 | D:7      | XOM: chaos upgrade
  8977 | D:7      | XOM: 2-stop teleportation journey
  9002 | D:7      | Killed Dowan
  9020 | D:7      | Found a sacrificial altar of Ru.
  9020 | D:7      | Found a burning altar of Makhleb.
  9135 | D:7      | XOM: torment (41/79 hp)
  9154 | D:7      | XOM: summons 5 hostile demons
  9191 | D:7      | XOM: god gift: leather armour {god gift}
  9429 | D:7      | Found Geguin's Magic Scroll Emporium.
  9447 | D:7      | Reached XP level 10. HP: 77/85 MP: 9/9
  9592 | D:7      | Found Dosachiv's Armour Emporium.
  9941 | D:7      | Identified a scroll of acquirement
 10029 | D:7      | XOM: give mutations
 10029 | D:7      | Lost mutation: You occasionally lose the ability to read
                  | scrolls when taking damage. [Xom's mischief]
 10029 | D:7      | Gained mutation: Your body sometimes deteriorates upon
                  | taking damage. [Xom's mischief]
 10029 | D:7      | Lost mutation: Your body sometimes deteriorates upon taking
                  | damage. [Xom's mischief]
 10148 | D:7      | XOM: give mutations
 10148 | D:7      | Lost mutation: You occasionally lose the ability to drink
                  | potions when taking damage. [Xom's mischief]
 10148 | D:7      | Lost mutation: Your flesh is heat resistant. (rF+) [Xom's
                  | mischief]
 10233 | D:8      | Noticed Erica
 10249 | D:8      | Killed Erica
 10250 | D:8      | Reached skill level 12 in Axes
 10250 | D:8      | Reached skill level 5 in Stealth
 10250 | D:8      | Reached skill level 5 in Shields
 10250 | D:8      | Reached skill level 1 in Summonings
 10472 | D:8      | XOM: 1-stop teleportation journey
 10525 | D:8      | Found an iron altar of Okawaru.
 10527 | D:8      | Found a flagged portal.
 10527 | D:8      | XOM: 1-stop teleportation journey
 10533 | Bailey   | XOM: noise
 10533 | Bailey   | Entered a bailey
 10588 | Bailey   | XOM: enchant monster (bad)
 10725 | Bailey   | XOM: enchant monster (good)
 10813 | Bailey   | XOM: cloud trail
 10924 | Bailey   | Noticed an orc knight
 10924 | Bailey   | Noticed an orc knight
 10953 | Bailey   | XOM: fake destruction
 11166 | Bailey   | XOM: enchant monster (good)
 11170 | Bailey   | Killed an orc knight
 11201 | Bailey   | XOM: butterfly on damage
 11207 | Bailey   | XOM: enchant monster (good)
 11242 | Bailey   | Got the Vellum of the Moving Damned
 11251 | Bailey   | XOM: silly message
 11294 | D:8      | XOM: silly message
 11303 | D:8      | XOM: 1-stop teleportation journey
 11312 | D:8      | Noticed a two-headed ogre
 11431 | D:8      | XOM: divination: detect items
 11433 | D:8      | Killed a two-headed ogre
 11434 | D:8      | Reached skill level 5 in Dodging
 11451 | D:8      | XOM: noise
 11601 | D:8      | Identified the +4 arbalest of Watchfulness {drain, Fly rN+
                  | Int+3}
 11698 | D:8      | XOM: divination: detect creatures
 11832 | D:8      | XOM: scenery: create altars
 11911 | D:8      | XOM: give mutation
 11911 | D:8      | Gained mutation: You are very agile. (Dex +8, Str/Int -2)
                  | [Xom's grace]
 11960 | D:8      | XOM: divine lightning
 11997 | D:8      | XOM: give mutations
 11997 | D:8      | Gained mutation: Your muscles are strong. (Str +4, Int/Dex
                  | -1) [Xom's mischief]
 11997 | D:8      | Lost mutation: You expend magic power (3 MP) to strengthen
                  | your wands. [Xom's mischief]
 11997 | D:8      | Gained mutation: You are robust. (+10% HP) [Xom's mischief]
 11997 | D:8      | Lost mutation: You are robust. (+10% HP) [Xom's mischief]
 12328 | D:9      | XOM: chaos upgrade
 12329 | D:9      | XOM: chaos upgrade
 12373 | D:9      | Found a basalt altar of Yredelemnul.
 12502 | D:9      | XOM: give mutation
 12502 | D:9      | Gained mutation: You possess an exceptional clarity of
                  | mind. [Xom's grace]
 12532 | D:9      | XOM: god gift: 54 gold pieces
 12549 | D:9      | Reached XP level 11. HP: 94/94 MP: 10/10
 12555 | D:9      | XOM: cast spell 'Animate Armour'
 12564 | D:9      | Found a staircase to the Lair.
 13010 | D:10     | Entered Level 10 of the Dungeon
 13054 | D:10     | XOM: fake destruction
 13058 | D:10     | XOM: summons friendly crimson imp
 13060 | D:10     | XOM: cast spell 'Monstrous Menagerie'
 13075 | D:10     | XOM: give mutation
 13075 | D:10     | Gained mutation: You have a somewhat thin skeletal
                  | structure. (Dex +2, Stealth+) [Xom's grace]
 13125 | D:10     | XOM: cloud trail
 13334 | D:10     | XOM: give mutations
 13334 | D:10     | Gained mutation: You are mostly covered in iridescent
                  | scales. (AC +4) [Xom's grace]
 13334 | D:10     | Gained mutation: You are strong-willed. (Will+) [Xom's
                  | grace]
 13334 | D:10     | Gained mutation: Your system is resistant to poisons.
                  | (rPois) [Xom's grace]
 13411 | D:10     | Noticed a two-headed ogre
 13428 | D:10     | Killed a two-headed ogre
 13555 | D:10     | XOM: give mutations
 13555 | D:10     | Lost mutation: You possess an exceptional clarity of mind.
                  | [Xom's mischief]
 13555 | D:10     | Lost mutation: You have a pair of large horns on your head.
                  | [Xom's mischief]
 13690 | D:11     | XOM: divination: detect items
 13725 | D:11     | XOM: polymorph acid dragon -> gnoll
 13791 | D:11     | Acquired the ring "Fieresur" {rN+ Str+3 Dex+5}
 13845 | D:11     | Acquired a +2 pair of boots of flying
 13860 | D:11     | XOM: summons 6 hostile demons
 13879 | D:11     | XOM: 2-stop teleportation journey
 13897 | D:11     | Reached skill level 13 in Axes
 13979 | D:11     | Reached skill level 10 in Fighting
 13979 | D:11     | Reached skill level 10 in Shields
 13979 | D:11     | Reached XP level 12. HP: 106/106 MP: 11/11
 14086 | D:11     | XOM: 3-stop teleportation journey
 14193 | D:11     | Noticed a two-headed ogre
 14201 | D:11     | XOM: cleaving
 14204 | D:11     | Killed a two-headed ogre
 14248 | D:11     | XOM is BORED!
 14446 | D:11     | You are sucked into a shaft and drop 1 floor!
 14461 | D:12     | XOM: confusion
 14463 | D:12     | XOM: blink monster(s)
 14479 | D:12     | Noticed a boulder beetle
 14524 | D:12     | XOM: 1-stop teleportation journey
 14806 | D:12     | Noticed a boulder beetle
 14827 | D:12     | XOM: cleaving
 14848 | D:12     | Killed a boulder beetle
 14935 | D:12     | XOM: polymorph smoke demon -> crimson imp
 15134 | D:12     | Reached skill level 10 in Armour
 15140 | D:12     | Reached XP level 13. HP: 43/114 MP: 12/12
 15198 | D:12     | Found a staircase to the Orcish Mines.
 15398 | D:12     | XOM: 1-stop teleportation journey
 15674 | Orc:1    | Entered Level 1 of the Orcish Mines
 15736 | Orc:1    | XOM: draining
 15923 | Orc:1    | Found Aggats's General Store.
 15933 | Orc:1    | Found a radiant altar of Vehumet.
 15954 | Orc:1    | Reached skill level 14 in Axes
 16084 | Orc:1    | XOM: give mutation
 16084 | Orc:1    | Lost mutation: Your muscles are strong. (Str +4, Int/Dex
                  | -1) [Xom's mischief]
 16184 | Orc:2    | Entered Level 2 of the Orcish Mines
 16531 | Orc:2    | Found a staircase to the Elven Halls.
 16635 | Orc:2    | XOM: enchant monster (bad)
 16638 | Orc:2    | XOM: divination: magic mapping
 16918 | Orc:2    | XOM: divination: detect items
 17267 | Orc:2    | XOM: fog
 17270 | Orc:2    | XOM: enchant monster (good)
 17275 | Orc:2    | XOM: cast spell 'Summon Ice Beast'
 17655 | Orc:2    | XOM: silly message
 17876 | Orc:2    | XOM: silly message
 17959 | Orc:2    | XOM: silly message
 17990 | Orc:2    | XOM: summons 3 hostile shadow creatures
 18068 | Orc:2    | XOM: stat loss: -1 Int (4/5)
 18229 | Orc:2    | Found Ogit's Assorted Antiques.
 18229 | Orc:2    | Found Jysiddin's Assorted Antiques.
 18230 | Orc:2    | Found Odatith's Antique Armour Boutique.
 18230 | Orc:2    | Found Edusif's Weapon Shop.
 18250 | Orc:2    | Bought a potion of might for 128 gold pieces
 18250 | Orc:2    | Bought a twisted citrine amulet for 160 gold pieces
 18427 | Orc:2    | XOM: give mutations
 18427 | Orc:2    | Lost mutation: You are mostly covered in iridescent scales.
                  | (AC +4) [Xom's mischief]
 18427 | Orc:2    | Gained mutation: You occasionally lose the ability to drink
                  | potions when taking damage. [Xom's mischief]
 18427 | Orc:2    | Lost mutation: You have a somewhat thin skeletal structure.
                  | (Dex +2, Stealth+) [Xom's mischief]
 18463 | Elf:1    | Entered Level 1 of the Elven Halls
 18481 | Elf:1    | XOM: chaos upgrade
 18496 | Orc:2    | XOM: stat loss: -1 Dex (23/24)
 18689 | Orc:1    | XOM: stat loss: -1 Str (21/22)
 19004 | D:13     | Noticed Kirke
 19016 | D:13     | XOM is BORED!
 19433 | D:13     | XOM: scenery: 1 doors close
 19439 | D:13     | XOM: give mutations
 19439 | D:13     | Lost mutation: You are dopey. (Int -2) [Xom's mischief]
 19439 | D:13     | Gained mutation: You are robust. (+10% HP) [Xom's mischief]
 19439 | D:13     | Gained mutation: You have an increased reservoir of magic.
                  | (+10% MP) [Xom's mischief]
 19439 | D:13     | Lost mutation: You are partially covered in iridescent
                  | scales. (AC +2) [Xom's mischief]
 19457 | D:13     | XOM: summons 1 hostile demon
 19458 | D:13     | Killed Kirke
 19503 | D:13     | XOM: scenery: create altars
 19632 | D:13     | XOM: summons 3 friendly demons
 19636 | D:13     | XOM: smoke on damage
 19641 | D:13     | XOM: divination: magic mapping
 19651 | D:13     | XOM: divination: detect creatures
 19860 | D:13     | XOM: divination: detect creatures
 19894 | D:13     | XOM: enchant monster (good)
 19897 | D:13     | XOM: enchant monster (bad)
 20232 | D:13     | Found an iron altar of Okawaru.
 20255 | D:13     | XOM: silly message
 20573 | D:13     | Found a gate to the Vaults.
 20576 | D:13     | XOM: smoke on damage
 20584 | D:13     | XOM: summons 2 friendly demons
 20609 | D:13     | Noticed Snorg
 20638 | D:13     | Killed Snorg
 20639 | D:13     | Reached XP level 14. HP: 88/136 MP: 14/14
 20648 | D:13     | XOM: summons 3 hostile shadow creatures
 20734 | D:13     | XOM: potion effect (brilliance)
 20874 | D:13     | XOM: divination: magic mapping
 20887 | D:13     | Noticed Azrael
 20895 | D:13     | XOM: potion effect (attraction)
 20921 | D:13     | XOM: potion effect (curing)
 20927 | D:13     | XOM: potion effect (haste)
 21015 | D:13     | XOM: divination: detect items
 21019 | D:13     | XOM: potion effect (invisibility)
 21264 | D:13     | XOM: silly message
 21276 | D:13     | XOM: divination: detect creatures
 21290 | D:13     | XOM: stat loss: -1 Int (6/7)
 21298 | D:13     | Killed from afar by Azrael

Illustrated notes

Levels and vault maps discovered:
D:1:      spicycebolla_arrival_clurvy, layout_loops_ring
D:2:      layout_rooms, nicolae_shop_unique_rings, st_stairs_5
D:3:      layout_basic, brannock_xom_greatest_gift, grunt_dithmenos_smoke,
          minmay_gold_behind_fungi, eino_curves_03, kennysheep_generic_room_13
D:4:      minmay_bubble_buster, layout_basic, minmay_temple_entry_purple_smoke,
          nrook_uturn
D:5:      minmay_razor_zed, layout_loops_cross, overflow_temple_1_default,
          enter_ossuary_4, dk_vineyard_3, palyth_stone_intersect, uniq_pikel
D:6:      layout_basic, nicolae_overflow_hidden_temple, serial_shops, shop,
          nicolae_shop_just_a_little_nook, billiards_dpeg
D:7:      layout_basic, gammafunk_temple_overflow_wave, serial_shops, shop,
          nicolae_shop_window_shopping, uniq_duvessa
D:8:      layout_loops_corners, lemuel_crystal_altar, enter_bailey_2,
          chequers_avenue, uniq_erica
D:9:      layout_stronghold, mainiacjoe_overflow_small_starburst,
          erik_lair_orcish_takeover
D:10:     layout_roguey
D:11:     layout_stronghold
D:12:     layout_rooms, erik_orc_2, serial_demonic, serial_demonic_b,
          serial_demonic_b, serial_demonic_d, serial_demonic_d,
          serial_demonic_c, serial_demonic_g, serial_demonic_f,
          kennysheep_generic_room_4
D:13:     layout_basic, david_vaults_1, kennysheep_okawaru_gauntlet, uniq_kirke,
          uniq_azrael, uniq_snorg
D:14:     layout_cross, grunt_qazlal_clouds
Orc:1:    layout_diamond_mine, serial_shops, shop, basic_altar,
          nicolae_orc_sculptors_studio
Orc:2:    st_orc_pillars, layout_diamond_mine
Elf:1:    layout_rooms, hellmonk_ghost_happy_afterlife, guppyfry_elf_altar,
          uniq_norris, uniq_zenata

Skill      XL: |  1  2  3  4  5  6  7  8  9 10 11 12 13 |
---------------+----------------------------------------+-----
Fighting       | 4 5 6 7 8 10 11 | 11.5
Armour         | 3 4 5 7 8 9 10 11 | 11.1
Axes           | 4 5 6 8 10 11 12 13 14 | 14.7
Stealth        | 1 2 3 4 5 6 7 |  7.3
Dodging        | 2 3 4 5 7 8 |  8.3
Shields        | 2 4 7 10 11 13 | 13.7
Summonings     | 2 3 4 |  4.9
Evocations     | |  0.1

Action                     |  1- 3 |  4- 6 |  7- 9 | 10-12 | 13-15 || total
---------------------------+-------+-------+-------+-------+-------++-------
  Melee: Hand axe          |    70 |    57 |   350 |   445 |   729 ||  1651
         Headbutt          |     6 |    10 |    92 |   115 |   235 ||   458
  Throw: Throwing net      |       |       |       |       |     1 ||     1
  Evoke: Wand              |       |       |       |     1 |     1 ||     2
    Use: Scroll            |       |     5 |    16 |    15 |    13 ||    49
         Potion            |       |       |     1 |     9 |    11 ||    21
   Stab: Sleeping          |     1 |     4 |     8 |     8 |     5 ||    26
         Distracted        |       |     1 |     7 |    18 |    29 ||    55
         Confused          |       |       |     3 |     1 |       ||     4
         Petrified         |       |       |       |     1 |       ||     1
         Invisible         |       |       |       |       |     1 ||     1
 Armour: Leather armour    |    88 |    27 |    95 |   107 |   119 ||   436
  Dodge: Dodged            |    86 |    47 |   202 |   227 |   188 ||   750
  Block: Buckler           |       |       |    24 |       |       ||    24
         Tower shield      |       |       |    59 |   405 |   510 ||   974

Table legend: (Time is in decaauts)
 A = Elapsed time spent in this place.
 B = Non-inter-level travel time spent in this place.
 C = Inter-level travel time spent in this place.
 D = Time resting spent in this place.
 E = Time spent auto-exploring this place.
 F = Levels seen in this place.
 G = Mean time per level.
                   A        B        C        D        E       F      G
               +--------+--------+--------+--------+--------+-----+--------+
         Total |  21122 |  20512 |    610 |   5316 |   9454 |  19 | 1111.7 |
       Dungeon |  16658 |  16248 |    410 |   4513 |   7903 |  14 | 1189.9 |
  Orcish Mines |   3147 |   2947 |    200 |    605 |   1268 |   2 | 1573.5 |
   Elven Halls |     25 |     25 |      0 |      0 |      0 |   1 |   25.0 |
       Ossuary |    461 |    461 |      0 |     18 |     89 |   1 |  461.0 |
        Bailey |    829 |    829 |      0 |    180 |    194 |   1 |  829.0 |
               +--------+--------+--------+--------+--------+-----+--------+

Top non-repeatable levels by time:
     D:1: 3707 daAuts
   Orc:2: 2411 daAuts
    D:13: 2174 daAuts
     D:8: 1309 daAuts
     D:7: 1300 daAuts
    D:12: 1267 daAuts
     D:5: 1142 daAuts
     D:3: 1131 daAuts
     D:4: 1050 daAuts
     D:6: 879 daAuts
  Bailey: 829 daAuts
     D:9: 776 daAuts
    D:11: 748 daAuts
   Orc:1: 736 daAuts
    D:10: 669 daAuts
